 Dungeon Crawl Stone Soup version 0.24-a0-762-gca426f56c8 (webtiles) character file.

Game seed: 7150629199202928075, levelgen mode: deterministic

31492 MalarOregon the Fighter (level 13, -6/119 HPs)
             Began as a White Draconian Fighter on Oct 3, 2019.
             Was a High Priest of Fedhas.
             Mangled by a blink frog (11 damage)
             ... on level 5 of the Lair of Beasts.
             The game lasted 00:32:04 (18989 turns).

MalarOregon the Fighter (White Draconian Fighter)  Turns: 18989, Time: 00:32:05

Health: -6/119     AC: 16    Str: 20    XL:     13   Next: 26%
Magic:  0/16       EV: 17    Int: 12    God:    Fedhas [*****.]
Gold:   56         SH: 12    Dex: 11    Spells: 8/17 levels left

rFire    . . .     SeeInvis .   g - +0 dagger (elec)
rCold    + . .     Gourm    .   b - +0 shield
rNeg     . . .     Faith    .   (armour unavailable)
rPois    .         Spirit   +   (helmet restricted)
rElec    .         Reflect  .   q - +1 cloak
rCorr    .         Harm     .   G - +0 pair of gloves
MR       .....                  f - +0 pair of boots
Stlth    +.........             l - amulet of guardian spirit
HPRegen  0.29/turn              k - +5 ring of slaying
MPRegen  0.15/turn              C - +4 ring of protection

@: no status effects
A: breathe frost, unfitting armour, cold resistance 1, cold-blooded, AC +8
a: Breathe Frost, Wall of Briars, Grow Ballistomycete, Overgrow, Grow Oklob,
Renounce Religion


You were on level 5 of the Lair of Beasts.
You worshipped Fedhas.
Fedhas was extremely pleased with you.
You were hungry.

You visited 3 branches of the dungeon, and saw 16 of its levels.
You also visited: Sewer.

You collected 713 gold pieces.
You spent 657 gold pieces at shops.

Inventory:

Hand Weapons
 a - a +1 long sword
 g - a +0 dagger of electrocution (weapon)
   (You took it off a kobold on level 1 of the Dungeon)
 i - a +4 dagger
   (You took it off an orc wizard on level 3 of the Dungeon)
Missiles
 D - 3 throwing nets (quivered) {!f}
Armour
 b - a +0 shield (worn)
 f - a +0 pair of boots (worn)
   (You found it on level 1 of the Dungeon)
 q - a +1 cloak (worn)
   (You found it on level 1 of the Dungeon)
 G - a +0 pair of gloves (worn)
   (You found it on level 7 of the Dungeon)
Jewellery
 k - a +5 ring of slaying (left hand)
   (You found it on level 4 of the Dungeon)
 l - an amulet of guardian spirit (around neck)
   (You found it on level 1 of the Dungeon)
 o - an uncursed ring of protection from cold
   (You found it on level 1 of the Lair of Beasts)
 C - a +4 ring of protection (right hand)
   (You found it on level 3 of the Dungeon)
Wands
 c - a wand of scattershot (3)
   (You bought it in a shop on level 7 of the Dungeon)
 d - a wand of iceblast (10)
   (You found it on level 1 of the Lair of Beasts)
 t - a wand of flame (26)
   (You found it on level 1 of the Lair of Beasts)
 u - a wand of paralysis (20)
   (You found it on level 9 of the Dungeon)
 v - a wand of digging (6)
   (You found it on level 8 of the Dungeon)
 E - a wand of polymorph (9)
   (You found it on level 8 of the Dungeon)
Scrolls
 h - 7 scrolls of identify {@r1}
 m - 6 scrolls of teleportation {@r4}
 n - a scroll of fear
 r - 3 scrolls of magic mapping
 s - a scroll of torment {unknown}
 w - 3 scrolls of blinking
 y - a scroll of noise {!r}
 F - a scroll of fog
 H - 10 scrolls of remove curse {@r2}
 J - 2 scrolls of enchant armour
Potions
 j - a potion of curing {@q1}
 p - 5 potions of magic
 x - a potion of berserk rage
 z - 2 potions of flight
 B - 2 potions of haste {@q3}
 I - 2 potions of brilliance
 K - a potion of lignification {!q}
 L - a potion of mutation {unknown}
 M - 2 potions of cancellation
Comestibles
 e - 39 rations {!d}
 A - 14 chunks of flesh


   Skills:
 + Level 12.4 Fighting
 + Level 11.3 Long Blades
 + Level 10.6 Dodging
 + Level 11.5 Shields
 + Level 2.6 Spellcasting
 + Level 3.6 Ice Magic
 + Level 3.1 Invocations


You had 8 spell levels left.
You knew the following spells:

 Your Spells              Type           Power        Failure   Level  Hunger
d - Summon Ice Beast      Ice/Summ       #.......     88%         4    #####..
f - Borgnjor's Vile Clut  Necr/Erth      #.........   100%        5    ######.

Your spell library contained the following spells:

 Spells                   Type           Power        Failure   Level  Hunger
 Summon Small Mammal      Summ           #...         38%         1    #......
 Call Imp                 Summ           #.......     52%         2    ###....
 Call Canine Familiar     Summ           #.......     77%         3    ###....
 Regeneration             Chrm/Necr      #.........   77%         3    ###....
 Spider Form              Tmut/Pois      #.........   77%         3    ###....
 Summon Guardian Golem    Hex/Summ       #.......     77%         3    ###....
 Cause Fear               Hex            #.........   99%         4    #####..
 Summon Lightning Spire   Summ/Air       #.......     99%         4    #####..
 Irradiate                Conj/Tmut      #.........   100%        5    ######.
 Silence                  Hex/Air        #.........   100%        5    ######.
 Venom Bolt               Conj/Pois      #.........   100%        5    ######.
 Yara's Violent Unravell  Hex/Tmut       #.........   100%        5    ######.
 Deflect Missiles         Chrm/Air       #.........   100%        6    #######
 Hydra Form               Tmut           #.........   100%        6    #######
 Statue Form              Tmut/Erth      #........    100%        6    #######
 Dragon Form              Tmut           #.........   100%        7    #######
 Discord                  Hex            #.........   100%        8    #######


Dungeon Overview and Level Annotations

Branches:
Dungeon (9/15)             Temple (1/1) D:4            Lair (6/6) D:8
  Swamp (0/4) Lair:2       Spider (0/4) Lair:2        Slime (0/5) Lair:5
    Orc (0/2) D:9           Sewer (visited)

Altars:
Ashenzari
Cheibriados
Dithmenos
Elyvilon
Fedhas
Gozag
Hepliaklqana
Kikubaaqudgha
Makhleb
Nemelex Xobeh
Okawaru
Qazlal
Ru
Sif Muna
Trog
Uskayaw
Vehumet
Wu Jian
Xom
Yredelemnul
Zin
The Shining One
Jiyva

Shops:
D:4 (   D:7 [((}


Innate Abilities, Weirdness & Mutations

You can breathe waves of freezing cold.
You can buffet flying creatures when you breathe cold.
Your icy white scales are hard. (AC +8)
You cannot fit into any form of body armour.
Your flesh is cold resistant. (rC+)
You are cold-blooded and may be slowed by cold attacks.


Message History

You barely miss the yak. The yak completely misses you.
You hit the yak.
You tail-slap the yak, but do no damage.
You block the yak's attack. x2; The blink frog barely misses you.
You puncture the yak! Lightning courses through the yak!
You kill the yak!
Fedhas accepts your kill. The blink frog hits you!
* * * LOW HITPOINT WARNING * * *
The yak gores you.
* * * LOW HITPOINT WARNING * * *
You hit the yak. Lightning courses through the yak!
You block the blink frog's attack.
You hit the yak. The yak gores you.
* * * LOW HITPOINT WARNING * * *
You hit the yak. The blink frog hits you!
* * * LOW HITPOINT WARNING * * *
The blink frog blinks!
The yak closely misses you.
You puncture the yak! Lightning courses through the yak!
The blink frog completely misses you.
Unknown command.
You puncture the yak!
You kill the yak!
Fedhas accepts your kill. The blink frog hits you!
* * * LOW HITPOINT WARNING * * *
You hit the blink frog. You tail-slap the blink frog. The blink frog hits you!
* * * LOW HITPOINT WARNING * * *
You block the blink frog's attack.
The blink frog blinks!
You hit the blink frog. You block the blink frog's attack.
The blink frog misses you.
Unknown command.
You miss the blink frog.
Your tail-slap misses the blink frog.
The blink frog misses you. The blink frog barely misses you.
Unknown command.
You puncture the blink frog!
Lightning courses through the blink frog!
You kill the blink frog!
Fedhas accepts your kill. The blink frog hits you!
* * * LOW HITPOINT WARNING * * *
You puncture the blink frog! The blink frog hits you.
* * * LOW HITPOINT WARNING * * *
You block the blink frog's attack.
You hit the blink frog. You tail-slap the blink frog! The blink frog hits you!
* * * LOW HITPOINT WARNING * * *
The blink frog blinks!
You puncture the blink frog! The blink frog hits you!
You die...
Fedhas appreciates your contribution to the ecosystem.

.##..................P...#
.#........P..............#
..........#..............##
.....##....#..............####
...#.##...###............#...#
..P......###...####).........#
#.....P..##.F.#.8.##......####
............##.§†÷........###
.............#8F@.8#.......P##
.............#...÷.#.........###
.............##...##..........P#
.............###'###...........#
............#......##..........#
....#......##...8....#......####
#.#........#.........##.......##
##...#...##..8..>..8..##.......#
.#.###..#..............#.......#


You could see 2 blink frogs.

Vanquished Creatures
  Harold (Lair:2)
  An ice dragon (Lair:4)
  2 hydras
  A catoblepas (Lair:4)
  2 two-headed ogres (D:8)
  Pikel (D:5)
  4 black mambas
  6 elephants (Lair:5)
  6 spiny frogs
  4 komodo dragons
  2 meliai (Lair:5)
  A queen bee (Lair:5)
  A polar bear (Lair:5)
  9 blink frogs
  2 bog bodies (Lair:2)
  9 hippogriffs
  Prince Ribbit (D:8)
  Sigmund (D:6)
  21 yaks
  3 basilisks
  Eustachio (D:6)
  2 hungry ghosts (D:8)
  Menkaure (D:7)
  Edmund (D:6)
  12 water moccasins
  2 orc warriors
  15 porcupines
  4 black bears
  An ice beast (D:9)
  2 sky beasts (D:9)
  9 ogres
  3 phantoms
  8 centaurs
  12 crocodiles
  18 wolves
  Blork the orc (D:5)
  8 bullfrogs
  A wyvern zombie (D:5)
  6 scorpions
  3 wights (D:5)
  20 killer bees
  An electric eel (Lair:4)
  5 howler monkeys
  A centaur zombie (D:8)
  A crimson imp (D:7)
  A quasit (D:9)
  A bullfrog zombie (D:9)
  5 hounds
  6 orc priests
  A centaur skeleton (D:9)
  11 orc wizards
  6 iguanas
  5 worker ants
  A hound skeleton (D:3)
  Robin (D:3)
  10 adders
  A howler monkey skeleton (D:4)
  6 river rats
  A shadow imp (D:8)
  3 white imps (Lair:4)
  An adder skeleton (D:8)
  An adder zombie (D:7)
  11 worms
  4 dart slugs
  6 leopard geckos
  26 orcs
  5 giant cockroaches
  24 goblins
  8 hobgoblins
  18 jackals
  A quokka (D:3)
  4 ball pythons
  10 bats
  13 frilled lizards
  2 jackal skeletons (D:5)
  7 kobolds
  2 quokka zombies
  16 rats
434 creatures vanquished.

Vanquished Creatures (collateral kills)
  A meliai (Lair:5)
  2 killer bees (Lair:5)
3 creatures vanquished.

Vanquished Creatures (others)
  A polar bear (Lair:5)
  5 killer bees (Lair:5)
  An adder (D:5)
  4 fungi
  14 plants
25 creatures vanquished.

Grand Total: 462 creatures vanquished

Notes
Turn   | Place    | Note
-------+----------+-------------------------------------------
     0 | D:1      | MalarOregon the Draconian Fighter began the quest for the
                  | Orb.
     0 | D:1      | Reached XP level 1. HP: 19/19 MP: 1/1
   321 | D:1      | Reached XP level 2. HP: 24/26 MP: 2/2
   665 | D:1      | Reached XP level 3. HP: 15/31 MP: 3/3
  1449 | D:2      | Reached XP level 4. HP: 34/40 MP: 4/4
  1829 | D:3      | Reached skill level 4 in Fighting
  2052 | D:3      | HP: 2/40 [orc/+0 flail (2)]
  2060 | D:3      | Reached XP level 5. HP: 36/46 MP: 5/5
  2358 | D:3      | Noticed Robin
  2402 | D:3      | Killed Robin
  2714 | D:3      | Reached XP level 6. HP: 53/53 MP: 6/6
  3130 | D:4      | Reached skill level 5 in Fighting
  3233 | D:4      | Found a glowing drain.
  3241 | Sewer    | Entered a sewer
  3585 | D:4      | Your scales start taking on an icy white colour.
  3585 | D:4      | Reached XP level 7. HP: 46/61 MP: 5/7
  3585 | D:4      | Gained mutation: Your flesh is cold resistant. (rC+) [White
                  | Draconian growth]
  3737 | D:4      | Found a bloodstained altar of Trog.
  3851 | D:4      | Identified the +3 dagger of the Iron City of Dis {venom,
                  | rF+ Dex-5 SInv}
  3854 | D:4      | Found Furi's Antique Weapon Shop.
  3885 | D:4      | Reached skill level 5 in Shields
  3919 | D:4      | HP: 3/61 [poisoned by an orc wizard]
  4263 | D:4      | Found a staircase to the Ecumenical Temple.
  4281 | Temple   | Entered the Ecumenical Temple
  4449 | Temple   | Became a worshipper of Fedhas Madash
  4741 | D:5      | Entered Level 5 of the Dungeon
  4942 | D:5      | Reached skill level 6 in Fighting
  4942 | D:5      | Reached skill level 5 in Long Blades
  4944 | D:5      | Reached skill level 5 in Dodging
  4944 | D:5      | Reached XP level 8. HP: 63/70 MP: 6/8
  5282 | D:5      | Reached * piety under Fedhas
  5318 | D:5      | Noticed Pikel
  5333 | D:5      | Killed Pikel
  5333 | D:5      | Reached skill level 7 in Fighting
  5646 | D:6      | Reached XP level 9. HP: 65/79 MP: 7/9
  5650 | D:6      | Noticed Eustachio
  5745 | D:6      | Killed Eustachio
  6072 | D:6      | Noticed Blork the orc
  6126 | D:5      | Killed Blork the orc
  6428 | D:6      | Noticed Edmund
  6445 | D:6      | Killed Edmund
  6630 | D:6      | You fall into a shaft and drop 3 floors!
  6737 | D:9      | Reached ** piety under Fedhas
  6740 | D:9      | Identified Meqydooc's Almanac of Doomed Envenoming
  6748 | D:9      | Learned a level 5 spell: Borgnjor's Vile Clutch
  6793 | D:9      | Reached skill level 8 in Fighting
  7047 | D:9      | Found a staircase to the Orcish Mines.
  7087 | D:9      | Got a pitted great mace
  7371 | D:8      | Noticed Prince Ribbit
  7376 | D:8      | Killed Prince Ribbit
  7376 | D:8      | Reached XP level 10. HP: 83/90 MP: 10/10
  7526 | D:8      | Noticed a two-headed ogre
  7538 | D:8      | Killed a two-headed ogre
  7548 | D:8      | Reached skill level 9 in Fighting
  7772 | D:8      | Noticed a two-headed ogre
  7782 | D:8      | Killed a two-headed ogre
  8062 | D:8      | Reached *** piety under Fedhas
  8240 | D:8      | Found a staircase to the Lair.
  8969 | D:7      | Found Feze's Antique Weapon Boutique.
  8996 | D:7      | Reached XP level 11. HP: 92/99 MP: 11/11
  9080 | D:7      | Found Wighed's Gadget Boutique.
  9144 | D:7      | Found Bemedu Qekh's Armour Shop.
  9190 | D:7      | Noticed Menkaure
  9197 | D:7      | Killed Menkaure
  9389 | D:7      | Found Viublij's Antique Weapon Shop.
  9471 | D:7      | Found Ucuar's Magic Scroll Shop.
  9479 | D:7      | Bought a scroll of identify for 22 gold pieces
  9479 | D:7      | Bought a scroll of identify for 22 gold pieces
  9479 | D:7      | Bought a scroll of magic mapping for 38 gold pieces
  9479 | D:7      | Bought a scroll of identify for 22 gold pieces
  9479 | D:7      | Bought a scroll of teleportation for 33 gold pieces
  9479 | D:7      | Bought a scroll of identify for 22 gold pieces
  9479 | D:7      | Bought a scroll of remove curse for 33 gold pieces
  9479 | D:7      | Bought a scroll of noise for 11 gold pieces
  9479 | D:7      | Bought a scroll of identify for 22 gold pieces
  9972 | D:6      | Reached skill level 10 in Fighting
  9975 | D:6      | Reached **** piety under Fedhas
 10027 | D:6      | Noticed Sigmund
 10035 | D:6      | Killed Sigmund
 10328 | Lair:1   | Entered Level 1 of the Lair of Beasts
 11100 | Lair:1   | Noticed a seven-headed hydra
 11115 | Lair:1   | Killed a seven-headed hydra
 11902 | Lair:1   | Reached skill level 10 in Shields
 12370 | Lair:2   | Found a staircase to the Swamp.
 12384 | Lair:2   | Reached skill level 11 in Fighting
 12420 | Lair:2   | Reached skill level 10 in Long Blades
 13020 | Lair:2   | Reached ***** piety under Fedhas
 13233 | Lair:2   | Noticed Harold
 13244 | Lair:2   | Reached XP level 12. HP: 100/110 MP: 12/12
 13266 | Lair:2   | Killed Harold
 13547 | Lair:2   | Found a hole to the Spider Nest.
 14296 | Lair:3   | Found a sacrificial altar of Ru.
 14522 | Lair:3   | Reached skill level 10 in Dodging
 15267 | Lair:4   | Noticed a catoblepas
 15285 | Lair:4   | Killed a catoblepas
 15459 | Lair:4   | Reached skill level 12 in Fighting
 15465 | Lair:4   | Learned a level 4 spell: Summon Ice Beast
 15706 | Lair:4   | Noticed an ice dragon
 15855 | Lair:4   | Killed an ice dragon
 15855 | Lair:4   | Reached skill level 1 in Ice Magic
 16430 | Lair:5   | Reached skill level 1 in Spellcasting
 16430 | Lair:5   | Reached skill level 1 in Invocations
 16843 | D:7      | Bought a wand of scattershot (8) for 432 gold pieces
 17171 | Lair:5   | Noticed a seven-headed hydra
 17178 | Lair:5   | Killed a seven-headed hydra
 17573 | Lair:5   | Reached XP level 13. HP: 86/118 MP: 13/15
 17949 | Lair:5   | HP: 5/118 [meliai/divine providence (10)]
 17953 | Lair:5   | HP: 2/118 [meliai/divine providence (13)]
 18847 | Lair:5   | Found a viscous altar of Jiyva.
 18847 | Lair:5   | Found a staircase to the Slime Pits.
 18919 | Lair:6   | Entered Level 6 of the Lair of Beasts
 18988 | Lair:5   | HP: 5/119 [blink frog (9)]
 18989 | Lair:5   | Mangled by a blink frog

Levels and vault maps discovered:
D:1:      ebering_trefoil_3fold, layout_basic, minmay_misc_feat_alley
D:2:      layout_basic
D:3:      kennysheep_goblin_castle, layout_basic, bh_walls_and_bars
D:4:      layout_layer_cave, minmay_temple_entry_mini_moons, serial_shops,
          nicolae_shop_window_shopping, lightli_sewer_entry_pipes, first_ration,
          bloody_trog
D:5:      layout_loops_ring, uniq_pikel
D:6:      layout_layer_cave, grunt_ministairs_10, uniq_edmund,
          uniq_blork_the_orc, uniq_sigmund, uniq_eustachio
D:7:      layout_loops_corners, serial_shops, kennysheep_mini,
          nicolae_shop_behind_doors, shop, shop_statue, shop, uniq_menkaure
D:8:      layout_basic, minmay_lair_entry_grove, grunt_ogre_cave, moated_statue,
          uniq_prince_ribbit1
D:9:      layout_basic, orc_0_dummy, wad_floor_pattern_1
Temple:   minmay_crystal_snake_temple
Lair:1:   layout_layer_cave
Lair:2:   layout_gridlike, skrybe_swamp_entry_bodies,
          spider_nest_entry_web_field, beast_lair_carwin_4,
          serial_bayou_shore_a, uniq_harold
Lair:3:   layout_misc_corridors, small_statue_intersection, bh_chokoban,
          eino_small_chamber_without_monster, lemuel_centaur_altar
Lair:4:   layout_gridlike, serial_bayou_pond_c, bobbens_ice_dragon_lair
Lair:5:   layout_cave_shapes, dpeg_slime_entry_enclosed_altar, special_room
          [special_room_bee], grunt_megastairs_3
Lair:6:   wormcave, layout_regular_city, lemuel_fruit_tree

Skill      XL: |  1  2  3  4  5  6  7  8  9 10 11 12 13 |
---------------+----------------------------------------+-----
Dodging        | 3 4 5 6 7 8 9 10 | 10.6
Fighting       | 4 5 6 7 8 9 11 12 | 12.4
Long Blades    | 3 4 5 6 7 8 10 11 | 11.3
Shields        | 4 5 6 7 9 10 11 | 11.5
Ice Magic      | 2 3 |  3.6
Spellcasting   | 1 2 |  2.6
Invocations    | 2 3 |  3.1

Action                   |  1- 3 |  4- 6 |  7- 9 | 10-12 | 13-15 || total
-------------------------+-------+-------+-------+-------+-------++-------
Melee: Long sword        |    82 |    20 |   269 |    26 |       ||   397
       Tailslap          |    12 |    43 |    62 |   171 |    41 ||   329
       Dagger            |    38 |   352 |   229 |   899 |   164 ||  1682
Throw: Throwing net      |       |       |       |     2 |       ||     2
Invok: Overgrow          |       |       |       |       |     1 ||     1
 Abil: Breathe Frost     |       |       |     5 |       |       ||     5
Evoke: Wand              |       |       |       |    14 |    26 ||    40
  Use: Potion            |       |     3 |     7 |     2 |     3 ||    15
       Scroll            |       |     7 |     7 |     8 |     2 ||    24
 Stab: Sleeping          |     2 |     2 |       |     2 |       ||     6
       Paralysed         |       |       |       |     1 |     6 ||     7
       Held in net/web   |       |       |       |     1 |       ||     1
       Distracted        |       |       |       |     1 |       ||     1
  Eat: Chunk             |     2 |     7 |    11 |    31 |     6 ||    57
       Ration            |       |       |     1 |     1 |       ||     2
Armor: Skin              |    57 |    94 |   204 |   226 |    49 ||   630
Dodge: Dodged            |    65 |   116 |   227 |   392 |   130 ||   930
Block: Shield            |    67 |   120 |   292 |   468 |   134 ||  1081
       Rpst.: Long sword |    16 |     3 |    36 |     8 |       ||    63

Table legend:
 A = Non-vault XP
 B = Vault XP
 C = Vault XP percentage of total XP
 D = Non-vault monster count
 E = Vault monster count
 F = Vault count percentage of total count
                 A         B        C        D         E       F
            +---------+---------+-------+---------+---------+-------
      Total |   33885 |   11104 |  24.7 |     325 |     112 |  25.6
            +---------+---------+-------+---------+---------+-------
        D:1 |      55 |       0 |   0.0 |      33 |       0 |   0.0
        D:2 |      53 |       0 |   0.0 |      17 |       0 |   0.0
        D:3 |     231 |      67 |  22.5 |      35 |      19 |  35.2
        D:4 |     472 |     114 |  19.5 |      15 |      14 |  48.3
        D:5 |    1018 |     751 |  42.5 |      21 |       2 |   8.7
        D:6 |    1147 |     588 |  33.9 |      28 |       4 |  12.5
        D:7 |    1048 |     165 |  13.6 |      15 |       1 |   6.2
        D:8 |    4007 |    1922 |  32.4 |      24 |      14 |  36.8
        D:9 |    1437 |       0 |   0.0 |      29 |       0 |   0.0
     Lair:1 |    5807 |       0 |   0.0 |      25 |       0 |   0.0
     Lair:2 |    3123 |    2362 |  43.1 |      17 |       9 |  34.6
     Lair:3 |    3051 |     445 |  12.7 |      16 |       4 |  20.0
     Lair:4 |    4448 |    1024 |  18.7 |      20 |       4 |  16.7
     Lair:5 |    7988 |    3611 |  31.1 |      30 |      23 |  43.4
      Sewer |       0 |      55 | 100.0 |       0 |      18 | 100.0
            +---------+---------+-------+---------+---------+-------
